Map: Blackpink LE

Players

HeRoMaRinE

  • Race: Terran Terran
  • Spawn Location: 7:00

sOs - Winner!

  • Race: Protoss Protoss
  • Spawn Location: 1:00

Event: IEM Season 12 - Katowice

VOD

Have the link to the VOD?

Description

Time

  • Played on: March 2, 2018, 3:47 p.m.
  • Length: 6:00

All games in this series

Show
View Real Time Build Order
Export as new Build Order

HeRoMaRinE Terran 

Build Orders: Gas First Reaper Expand, Liberator Opening, Reaper Expand 

Get SALT Encoding   

  12  0:00  SCV  
  13  0:13  SCV  
  14  0:17  Supply Depot  
  14  0:25  SCV  
  15  0:29  Refinery  
  15  0:39  SCV  
  16  0:44  Barracks  
  16  0:51  SCV  
  17  1:03  SCV  
  18  1:15  SCV  
  19  1:31  Reaper  
  19  1:32  Orbital Command  
  20  1:45  Command Center  
  20  1:55  Factory  
  20  1:59  SCV  
  21  2:07  Barracks Reactor  
  21  2:10  Supply Depot  
  21  2:13  SCV  
  22  2:25  SCV  
  22  2:26  Refinery  
  23  2:37  SCV  
  23  2:43  Starport  
  24  2:49  SCV  
  27  2:51  Hellion  
  27  2:52  Hellion  
  29  2:59  Orbital Command  
  29  3:01  SCV  
  32  3:13  Hellion  
  32  3:14  Hellion, SCV  
  34  3:32  Medivac  
  36  3:34  Hellion  
  36  3:35  Hellion  
  36  3:37  SCV x2  
  39  3:43  Supply Depot  
  39  3:45  Liberator  
  39  3:49  SCV x2  
  39  3:58  Widow Mine  
  39  3:59  Widow Mine  
  39  4:01  SCV x2  
  46  4:07  Barracks Tech Lab  
  45  4:13  SCV  
  46  4:17  SCV  
  47  4:26  SCV  
  47  4:29  SCV  
  43  4:38  Barracks  
  41  4:39  SCV, Bunker  
  41  4:40  Barracks  
  41  4:41  SCV, Marine x2  
  41  4:43  Siege Tank  
  48  4:51  SCV  
  49  4:53  SCV  
  49  4:58  Marine  
  49  4:59  Marine  
  48  5:02  Engineering Bay  
  48  5:04  SCV  
  48  5:05  SCV  
  50  5:15  Siege Tank  
  50  5:16  SCV  
  54  5:22  Supply Depot  
  54  5:23  Supply Depot  
  54  5:24  Marine x2  
  54  5:25  SCV  
  54  5:27  Barracks Tech Lab x2  
  54  5:38  SCV  
  54  5:43  SCV  
Show
View Real Time Build Order
Export as new Build Order

sOs Protoss - Winner!

Build Orders: 1 Gate Expand, Oracle Opening 

Get SALT Encoding   

  12  0:00  Probe  
  13  0:12  Probe  
  14  0:18  Pylon  
  14  0:25  Probe (Chrono Boost)  
  15  0:37  Probe (Chrono Boost)  
  15  0:38  Gateway  
  16  0:45  Probe (Chrono Boost)  
  16  0:48  Assimilator  
  17  0:51  Probe  
  18  1:03  Probe  
  19  1:15  Probe  
  20  1:24  Nexus  
  20  1:34  Cybernetics Core  
  20  1:37  Probe  
  21  1:41  Assimilator  
  21  1:50  Probe  
  21  1:53  Pylon  
  22  2:02  Probe  
  23  2:09  Adept (Chrono Boost)  
  23  2:14  Probe  
  26  2:17  Stargate  
  26  2:26  Probe  
  26  2:27  Adept (Chrono Boost)  
  29  2:31  Warp Gate  
  29  2:35  Probe  
  30  2:38  Probe  
  31  2:45  Adept (Chrono Boost)  
  31  2:48  Probe  
  34  2:53  Probe  
  35  3:00  Probe  
  35  3:01  Oracle (Chrono Boost)  
  39  3:06  Probe  
  39  3:12  Probe  
  41  3:17  Pylon  
  41  3:18  Probe  
  42  3:24  Probe  
  43  3:30  Probe  
  44  3:34  Oracle (Chrono Boost)  
  44  3:36  Probe  
  46  3:46  Adept, Gateway  
  46  3:48  Gateway  
  46  3:49  Probe  
  46  3:50  Probe  
  46  3:54  Pylon  
  48  4:02  Phoenix (Chrono Boost)  
  48  4:03  Shield Battery  
  48  4:08  Probe x2  
  52  4:14  Pylon x2  
  52  4:19  Phoenix (Chrono Boost)  
  48  4:32  Probe x2  
  50  4:41  Phoenix (Chrono Boost)  
  52  4:46  Adept x3  
  52  4:50  Probe x2  
  60  5:00  Pylon  
  60  5:02  Probe x2  
  64  5:11  Adept x3  
  68  5:22  Probe x2  
  70  5:34  Probe  
  70  5:35  Probe  
  72  5:38  Nexus  
  72  5:47  Probe x2  

Tags
 
Add a new tag
Caveats
  • Supply blocks, unpowered buildings, or Contaminate may cause inaccurate times.
  • Supply counts are checked every 10 seconds.